AoeStats
← 海霸天

Arena

510101014Analyzed
4v4 RM · 4d ago on Sep 29, 2026· 53m 36s· 8 players
Game mode
Random Map
Map size
Large (8 player)
Population
200
Speed
Normal
Resources
Standard
Victory
Conquest
Starting age
Dark Age
Ending age
Imperial Age
RankedLock teamsTeams togetherTeam positionsShared explorationLock speedFull tech treeHidden civsTurbo modeCheats
Victory
Defeat
🇳🇱 Franks · Netherlands
797
+10
🇷🇴 Portuguese · Romania
771
+10
🇨🇱 Maya · Chile
747
+11
🇯🇵 Wei · Japan
725
+12
🇹🇷 Cumans · Türkiye
760
-14
🇹🇼 Persians · Taiwan
696
-12
🇨🇦 Byzantines · Canada
578
-9
🇹🇷 Cumans · Türkiye
546
-8
海霸天
10:51 Feudal Age
9:06 Loom
11:32 Horse Collar
11:41 Double-Bit Axe
18:37 Castle Age
17:13 Wheelbarrow
17:23 Stone Mining
17:23 Gold Mining
18:54 Gold Mining
20:02 Heavy Plow
22:01 Gold Shaft Mining
22:43 Bow Saw
23:21 Man-at-Arms
23:46 Gambesons
24:28 Bloodlines
23:39 Light Cavalry
26:49 Fletching
26:59 Padded Archer Armor
27:20 Husbandry
32:37 Wheelbarrow
31:48 Town Watch
34:43 Imperial Age
32:49 Wheelbarrow
34:10 Scale Barding Armor
34:16 Forging
37:36 Citadels
37:47 Conscription
chatonbrutal
10:09 Loom
13:54 Feudal Age
20:25 Castle Age
19:03 Double-Bit Axe
22:42 Fervor
23:40 Bow Saw
28:11 Pikeman
34:57 Husbandry
36:41 Scale Barding Armor
36:36 Scale Mail Armor
36:47 Forging
40:43 Imperial Age
38:48 Wheelbarrow
Taha Bey
15:05 Feudal Age
19:45 Castle Age
20:20 Horse Collar
21:52 Double-Bit Axe
22:33 Heavy Plow
24:24 Bow Saw
26:55 Pikeman
27:36 Squires
27:21 Arson
29:46 Wheelbarrow
30:44 Stone Mining
30:47 Gold Mining
31:14 Hand Cart
33:13 Padded Archer Armor
36:44 Steppe Husbandry
39:21 Imperial Age
37:10 Arson
38:22 Gold Shaft Mining
Oguz CareVia
4:22 Loom
12:24 Feudal Age
13:05 Double-Bit Axe
13:24 Gold Mining
14:25 Stone Mining
20:29 Castle Age
20:37 Horse Collar
25:38 Bow Saw
26:36 Gold Shaft Mining
26:49 Ballistics
27:51 Padded Archer Armor
27:42 Fletching
28:16 Heavy Plow
30:02 Steppe Husbandry
30:57 Wheelbarrow
31:01 Caravan
31:20 Leather Archer Armor
31:01 Bodkin Arrow
32:49 Hand Cart
38:07 Imperial Age
35:36 Bodkin Arrow
35:47 Scale Barding Armor
35:53 Forging
38:20 Chain Barding Armor
38:36 Iron Casting
38:02 Light Cavalry
38:54 Bloodlines
38:22 Elite Kipchak
39:36 Ring Archer Armor
39:11 Cuman Mercenaries
40:44 Elite Steppe Lancer
41:59 Guilds
43:40 Two-Man Saw
43:16 Crop Rotation
Laserotron
11:33 Feudal Age
12:50 Wheelbarrow
11:55 Horse Collar
12:03 Double-Bit Axe
12:22 Gold Mining
12:35 Stone Mining
13:37 Loom
18:40 Castle Age
19:47 Heavy Plow
21:23 Stone Shaft Mining
21:31 Bow Saw
31:58 Imperial Age
31:52 Bloodlines
31:42 Husbandry
34:01 Cavalier
41:20 Caravan
41:50 Coinage
43:04 Crop Rotation
44:18 Coinage
43:59 Guilds
44:55 Hand Cart
46:26 Two-Man Saw
48:36 Scale Barding Armor
48:37 Circumnavigation
49:18 Banking
48:15 Onager
50:57 Chemistry
50:17 Ballistics
50:08 Fortified Wall
49:49 Guard Tower
49:40 Treadmill Crane
51:55 Chain Barding Armor
51:22 Town Watch
51:06 Pikeman
51:36 Arson
51:37 Gambesons
51:13 Man-at-Arms
52:20 Masonry
52:21 Careening
52:58 Conscription
52:58 Arquebus
52:29 Sappers
53:03 Spies/Treason
53:15 Sappers
RuinMireia
11:56 Feudal Age
13:12 Double-Bit Axe
15:53 Castle Age
14:26 Horse Collar
15:56 Loom
16:46 Bow Saw
17:14 Heavy Plow
20:32 Wheelbarrow
22:21 Fletching
24:34 Bodkin Arrow
29:04 Imperial Age
26:32 Gold Mining
26:50 Scale Barding Armor
27:16 Forging
28:01 Chain Barding Armor
28:00 Husbandry
28:10 Bloodlines
29:23 Iron Casting
29:19 Hand Cart
31:16 Blast Furnace
29:40 Heavy Hei Guang Cavalry
30:45 Conscription
31:32 Bracer
31:32 Padded Archer Armor
33:39 Gold Shaft Mining
33:40 Parthian Tactics
33:21 Thumb Ring
34:05 Leather Archer Armor
35:44 Ring Archer Armor
36:18 Chemistry
35:38 Ballistics
37:48 Ming Guang Armor
38:31 Masonry
38:18 Murder Holes
38:05 Treadmill Crane
38:35 Fortified Wall
42:47 Hoardings
53:21 Spies/Treason
TEAM MBG
0:27 Loom
11:25 Feudal Age
12:42 Wheelbarrow
11:55 Double-Bit Axe
19:55 Castle Age
19:25 Stone Mining
21:02 Hand Cart
21:01 Bow Saw
22:23 Gold Mining
24:46 Gold Shaft Mining
26:12 Ordonnance Companies
27:08 Fletching
29:09 Ballistics
29:52 Bodkin Arrow
29:58 Padded Archer Armor
30:25 Scale Barding Armor
30:37 Forging
30:13 Treadmill Crane
30:29 Murder Holes
32:03 Leather Archer Armor
32:09 Chain Barding Armor
33:54 Iron Casting
36:13 Imperial Age
36:28 Cranequins
38:27 Plate Barding Armor
38:53 Blast Furnace
39:48 Heavy Mounted Crossbowman
44:57 Chemistry
44:03 Siege Engineers
43:48 Town Watch
48:57 Masonry
48:58 Fortified Wall
48:56 Scale Mail Armor
48:20 Elite Throwing Axeman
53:40 Caravan
54:41 Architecture
joarce05
12:24 Feudal Age
12:43 Loom
13:46 Double-Bit Axe
16:14 Stone Mining
18:12 Wheelbarrow
17:31 Horse Collar
17:57 Gold Mining
24:33 Castle Age
23:47 Forging
23:38 Padded Archer Armor
23:29 Fletching
23:46 Scale Mail Armor
25:23 Thumb Ring
25:18 Bodkin Arrow
25:47 Squires
25:18 Crossbowman
26:11 Heavy Plow
27:26 Chain Mail Armor
26:36 Pikeman
29:33 Stone Shaft Mining
31:55 Iron Casting
31:57 Leather Archer Armor
43:59 Hand Cart
49:20 Imperial Age
47:00 Treadmill Crane
47:40 Arson
48:16 Town Watch
48:32 Murder Holes
48:58 Ballistics
49:18 Caravan
50:24 Town Patrol
51:27 Chemistry
50:12 Elite Plumed Archer
50:40 Halberdier
51:44 Conscription
52:19 Plate Mail Armor
53:47 Ring Archer Armor
53:17 Bracer
Connection lost

Rejoining the realm…

Still unreachable

The connection could not be restored.

Session expired

The server has moved on; the page needs a fresh start.